 Dungeon Crawl Stone Soup version 0.29-a0-22-gbf593b16ee (webtiles) character file.

Game seed: 3120712117893498168

59 Hasart the Insei (level 4, 0/28 HPs)
             Began as an Octopode Transmuter on Jan 29, 2022.
             Succumbed to an adder's poison
             ... on level 2 of the Dungeon.
             The game lasted 00:02:14 (1628 turns).

Hasart the Insei (Octopode Transmuter)              Turns: 1628, Time: 00:02:14

Health: 0/28       AC:  1    Str:  9    XL:     4   Next: 3%
Magic:  3/7        EV: 13    Int: 17    God:
Gold:   32         SH:  0    Dex: 12    Spells: 1/7 levels left

rFire   . . .      SeeInvis .     - Unarmed
rCold   . . .      Faith    .   (no shield)
rNeg    . . .      Spirit   .   (helmet currently unavailable)
rPois   .          Reflect  .   (no amulet)
rElec   .          Harm     .   (no ring)
rCorr   .          Rampage  .   (no ring)
Will    .....                   (no ring)
Stlth   ++........              (no ring)
HPRegen 0.09/turn               (no ring)
MPRegen 0.10/turn               (no ring)
                                (no ring)
                                (no ring)

@: lethally poisoned (0 -> -2), appendages (expiring), wereblooded
A: tentacle spike 3, almost no armour, amphibious, 8 rings, camouflage 1,
gelatinous body 1, (nimble swimmer 1), tentacles
a: End Transformation


You were on level 2 of the Dungeon.
One of your tentacles had grown a beastly spike.
You visited 1 branch of the dungeon, and saw 2 of its levels.

You collected 32 gold pieces.

Inventory:

Missiles
 a - a throwing net


   Skills:
 + Level 1.5 Fighting
 + Level 2.3 Dodging
 * Level 3.7 Unarmed Combat
 + Level 2.4 Spellcasting
 + Level 2.3 Transmutations
 + Level 0.6 Poison Magic


You had one spell level left.
You knew the following spells:

 Your Spells              Type           Power      Damage    Failure   Level
a - Beastly Appendage     Tmut           20%        N/A       7%          1
b - Wereblood             Tmut           10%        N/A       11%         2
c - Spider Form           Tmut/Pois      7%         N/A       30%         3

Your spell library contained the following spells:

 Spells                   Type           Power      Damage    Failure   Level
 Ozocubu's Armour         Ice            2%         N/A       50%         3
 Ice Form                 Ice/Tmut       6%         N/A       75%         4
 Ozocubu's Refrigeration  Ice            1%         4d5       100%        7


Dungeon Overview and Level Annotations

Branches:
Dungeon (2/15)

Altars:


Innate Abilities, Weirdness & Mutations

One of your tentacles has grown a beastly spike.
You cannot wear most types of armour.
You are amphibious.
You can wear up to eight rings at the same time.
Your skin changes colour to match your surroundings (Stealth+).
Your rubbery body absorbs attacks. (AC +1, EV +1)
((You are camouflaged when in or above water. (Stealth+)))
You have tentacles for arms and can constrict up to eight enemies at once.


Message History

A rat comes into view.
Your magical contamination has completely faded away.
You closely miss the adder. Your grab misses the adder.
Your squeeze misses the adder. The adder bites you.
You closely miss the adder. Your grab misses the adder.
The adder barely misses you.
You closely miss the adder. Your grab misses the adder.
The adder closely misses you.
You tentacle-slap the adder. You grab the adder.
You pierce the adder, but do no damage.
Your squeeze misses the adder.
The adder is moderately wounded.
You constrict the adder. The adder bites you.
You are poisoned.
The adder poisons you!
You tentacle-slap the adder.
You pierce the adder, but do no damage.
The adder is severely wounded.
You constrict the adder.
You feel sick. The adder barely misses you. The adder bites you.
* * * LOW HITPOINT WARNING * * *
You are lethally poisoned!
The adder poisons you!
You tentacle-slap the adder.
You kill the adder!
* * * LOW HITPOINT WARNING * * *
You feel sick.
You have reached level 4!
Unknown command.
You aren't carrying any potions.
Your transformation is almost over.
* * * LOW HITPOINT WARNING * * *
You feel sick.
You see here an adder corpse.
* * * LOW HITPOINT WARNING * * *
You feel sick.
* * * LOW HITPOINT WARNING * * *
You feel sick.
Casting: Beastly Appendage (safe; 7% risk of failure)
Confirm with . or Enter, or press ? or * to list all spells.
Your blood is infused with primal strength.
You die...

#......†..#
#.........#
#..(......#
#.........#
#.........#
#.........#########
#.........##......##
#.........#†.......##
..........@..........#
.#....r..........[...#
##.......#........(.#
##.................#
..#####.<.........#
#................##
#######†.........#
#..........#
#...†......#


You could see a rat.

Vanquished Creatures
  2 adders (D:2)
  A worm (D:2)
  2 dart slugs
  3 ball pythons (D:1)
  4 endoplasms (D:1)
  7 hobgoblins (D:1)
  A kobold (D:1)
  8 bats
  2 frilled lizards
  4 rats
34 creatures vanquished.

Notes
Turn   | Place    | Note
-------+----------+-------------------------------------------
     0 | D:1      | Hasart the Octopode Transmuter began the quest for the Orb.
     0 | D:1      | Reached XP level 1. HP: 13/13 MP: 3/3
   348 | D:1      | Reached XP level 2. HP: 9/18 MP: 5/5
   522 | D:1      | Learned a level 2 spell: Wereblood
   907 | D:1      | Found a faded altar of an unknown god.
   981 | D:1      | Reached XP level 3. HP: 23/23 MP: 6/6
   985 | D:1      | Learned a level 3 spell: Spider Form
  1625 | D:2      | Reached XP level 4. HP: 5/28 MP: 5/7
  1627 | D:2      | HP: 1/28 [poisoned by an adder]
  1628 | D:2      | Succumbed to an adder's poison

Illustrated notes

Levels and vault maps discovered:
D:1:      wander_arrival_fairy_ring, layout_loops_corners,
          shapermc_ecumenical_altar_pompeii, amcnicky_mini_rare_corridor_liquid
D:2:      layout_rooms, guppyfry_early_lair_pool

Action                   |  1- 3 |  4- 6 || total
-------------------------+-------+-------++-------
Melee: Unarmed           |    78 |       ||    78
       Constrict         |    28 |       ||    28
       Punch             |     2 |       ||     2
       Tentacles         |    16 |       ||    16
       Kick              |     3 |       ||     3
 Cast: Beastly Appendage |     2 |       ||     2
       Wereblood         |       |     1 ||     1
 Stab: Sleeping          |     6 |       ||     6
Armor: Skin              |    12 |       ||    12
Dodge: Dodged            |    66 |       ||    66

Table legend: (Time is in decaauts)
 A = Elapsed time spent in this place.
 B = Non-inter-level travel time spent in this place.
 C = Inter-level travel time spent in this place.
 D = Time resting spent in this place.
 E = Time spent auto-exploring this place.
 F = Levels seen in this place.
 G = Mean time per level.
                   A        B        C        D        E       F      G
               +--------+--------+--------+--------+--------+-----+--------+
         Total |   1623 |   1578 |     45 |      0 |   1355 |   2 |  811.5 |
       Dungeon |   1623 |   1578 |     45 |      0 |   1355 |   2 |  811.5 |
               +--------+--------+--------+--------+--------+-----+--------+

Top non-repeatable levels by time:
     D:1: 1469 daAuts
     D:2: 153 daAuts
